 Dungeon Crawl Stone Soup version 0.27.0-1-g7a089689b8 (webtiles) character file.

Game seed: 3134994031226326810

86 Brandom the Skirmisher (level 4, 0/37 HPs)
             Began as a Formicid Abyssal Knight on Aug 8, 2021.
             Was a Believer of Lugonu.
             Slain by Crazy Yiuf (10 damage)
             ... on level 4 of the Dungeon.
             The game lasted 00:05:38 (3499 turns).

Brandom the Skirmisher (Formicid Abyssal Knight)    Turns: 3499, Time: 00:05:38

Health: 0/37       AC:  6    Str: 17    XL:     4   Next: 78%
Magic:  6/6        EV:  9    Int: 12    God:    Lugonu [**....]
Gold:   73         SH:  0    Dex: 10    Spells: 3/3 levels left

rFire    . . .     SeeInvis +   a - +1 hand axe
rCold    . . .     Faith    .   (no shield)
rNeg     . . .     Spirit   .   q - +0 scale mail
rPois    .         Reflect  .   (helmet unavailable)
rElec    .         Harm     .   (no cloak)
rCorr    .         Rampage  .   (no gloves)
Will     .....                  (no boots)
Stlth    ..........             e - amulet of regeneration
HPRegen  1.12/turn              (no ring)
MPRegen  0.10/turn              (no ring)

@: lethally poisoned (0 -> -2), very slightly contaminated, invisible
A: permanent stasis, dig shafts and tunnels, antennae 3, four strong arms
a: Dig, Shaft Self, Renounce Religion, Depart the Abyss, Bend Space


You were on level 4 of the Dungeon.
You worshipped Lugonu.
Lugonu was pleased with you.
You visited 1 branch of the dungeon, and saw 4 of its levels.
You visited the Abyss 1 time.

You collected 73 gold pieces.

Inventory:

Hand Weapons
 a - a +1 hand axe (weapon)
Armour
 b - a +0 leather armour
 o - a +0 scale mail
   (You found it on level 2 of the Dungeon)
 q - a +0 scale mail (worn)
   (You found it on level 1 of the Dungeon)
Jewellery
 e - an amulet of regeneration (around neck)
   (You found it on level 3 of the Dungeon)
Scrolls
 d - 4 scrolls of enchant weapon {unknown}
 i - a scroll of identify {unknown}
 l - a scroll of teleportation {unknown}
 m - a scroll of torment {unknown}
 p - a scroll of silence {unknown}
Potions
 c - a potion of magic {unknown}
 f - a potion of might {unknown}
 g - 2 potions of flight {unknown}
 h - 3 potions of curing {unknown}
 j - 2 potions of lignification {unknown}
 k - a potion of invisibility {unknown}
 n - 3 potions of resistance {unknown}
 r - a potion of mutation {unknown}


   Skills:
 * Level 4.1 Fighting
 * Level 2.9 Axes
 + Level 2.6 Armour
 + Level 1.6 Dodging
 + Level 2.7 Invocations


You had 3 spell levels left.
You didn't know any spells.
Your spell library was empty.

Dungeon Overview and Level Annotations

Branches:
Dungeon (4/15)
 Temple: D:4-7

Altars:
Sif Muna

Shops:
D:4 :

Annotations:
D:2 Sigmund
D:4 Crazy Yiuf


Innate Abilities, Weirdness & Mutations

You cannot be hasted, slowed, berserked, paralysed or teleported.
You can dig through walls and to a lower floor.
You have a pair of large antennae on your head. (SInv)
Your four strong arms can wield two-handed weapons with a shield.


Message History

No target in view!
No target in view!
No target in view!
No target in view!
No target in view!
No target in view!
No target in view!
No target in view!
No target in view!
No target in view!
No target in view!
No target in view!
No target in view!
No target in view!
No target in view!
You open the door.
There is an open door here.
As you open the door, it creaks loudly!
Found a mace.
No target in view!
No target in view!
No target in view!
There is an open door here.
You see here a +0 mace.
You see here a +0 mace.
Found a glimmering mace.
Crazy Yiuf shouts!
You sense a monster nearby.
You open the door. You barely miss Crazy Yiuf. Crazy Yiuf closely misses you.
You hit Crazy Yiuf.
Crazy Yiuf hits you with a +2 quarterstaff of chaos!
You fade into invisibility!
You are very lightly contaminated with residual magic.
You hit Crazy Yiuf but do no damage.
Crazy Yiuf hits you with a +2 quarterstaff of chaos!
Crazy Yiuf burns you.
* * * LOW HITPOINT WARNING * * *
You hit Crazy Yiuf.
Crazy Yiuf hits you with a +2 quarterstaff of chaos.
* * * LOW HITPOINT WARNING * * *
You are poisoned.
You barely miss Crazy Yiuf.
You feel very sick. Crazy Yiuf closely misses you.
Unknown command.
You hit Crazy Yiuf but do no damage.
You feel sick.
Crazy Yiuf yells, "Fire!"
Crazy Yiuf hits you with a +2 quarterstaff of chaos!
You die...

#..... #####+###.....
.......<......
######........
#........ #........
### ♣♣##.>......
#)..#♣♣ ♣♣...........
#...g@♣♣♣♣............
#...#♣..♣...).........
### ♣♣♣.♣...)#####+##
♣♣♣♣♣##....#...
#....'...
########....#...
#...........#...
##..........#...
#+###########..


You could see Crazy Yiuf.

Vanquished Creatures
  4 adders (D:2)
  2 worms
  A dart slug (D:3)
  3 endoplasms
  3 giant cockroaches
  A hobgoblin (D:2)
  3 jackals (D:1)
  2 quokkas
  4 ball pythons
  4 bats
  5 frilled lizards
  2 goblins (D:2)
  9 kobolds
  3 rats
46 creatures vanquished.

Notes
Turn   | Place    | Note
-------+----------+-------------------------------------------
     0 | Abyss:1  | Brandom the Formicid Abyssal Knight began the quest for the
                  | Orb.
     0 | Abyss:1  | Reached XP level 1. HP: 18/18 MP: 2/2
    32 | Abyss:1  | Found a bloodstained altar of Trog.
    43 | Abyss:1  | Noticed an iron imp
    45 | Abyss:1  | Noticed a large abomination
    67 | Abyss:1  | Noticed a black mamba zombie
    73 | D:1      | Escaped the Abyss
   320 | D:1      | Found a faded altar of an unknown god.
   410 | D:1      | Reached skill level 1 in Dodging
   510 | D:1      | Reached XP level 2. HP: 24/24 MP: 3/3
   559 | D:1      | Reached * piety under Lugonu
  1155 | D:2      | Reached XP level 3. HP: 30/30 MP: 4/4
  1294 | D:2      | Found a shimmering blue altar of Sif Muna.
  1343 | D:2      | Reached XP level 4. HP: 11/37 MP: 4/6
  1936 | D:2      | Reached skill level 4 in Fighting
  2367 | D:2      | Noticed Sigmund
  3176 | D:3      | Reached ** piety under Lugonu
  3402 | D:4      | Found Kebuq's Book Boutique.
  3489 | D:4      | Found a runed translucent door.
  3490 | D:4      | Noticed Crazy Yiuf
  3499 | D:4      | Slain by Crazy Yiuf

Illustrated notes

Levels and vault maps discovered:
D:1:      lemuel_arrival_behind_the_door_small, layout_basic,
          ebering_ecumenical_altar_hall, grunt_decor_arrowhead
D:2:      layout_basic, basic_altar, st_stairs_14, uniq_sigmund
D:3:      layout_loops_corners
D:4:      layout_gridville, serial_shops, kennysheep_mini_moat,
          nicolae_wooded_promenade, corexii_hall_statues_i, minmay_shop_damaged,
          minmay_quadrilaterals, uniq_crazy_yiuf_cottage

Skill      XL: |  1  2  3  4 |
---------------+-------------+-----
Dodging        | 1 |  1.6
Fighting       | 4 |  4.1
Axes           | |  2.9
Armour         | |  2.6
Invocations    | |  2.7

Action                   |  1- 3 |  4- 6 || total
-------------------------+-------+-------++-------
Melee: Hand axe          |    69 |    80 ||   149
Invok: Depart the Abyss  |     1 |       ||     1
Armor: Scale mail        |    35 |    28 ||    63
       Leather armour    |     4 |       ||     4
Dodge: Dodged            |    51 |    37 ||    88
